Map: Radhuset Station LE

Players

CANCERBERO - Winner!

  • Race: Zerg Zerg
  • League: Diamond
  • Spawn Location: 7:00

SubN

  • Race: Zerg Zerg
  • League: Diamond
  • Spawn Location: 1:00

VOD

Have the link to the VOD?

Description

Time

  • Played on: Dec. 24, 2023, 6:54 p.m.
  • Length: 9:17
Show
View Real Time Build Order
Export as new Build Order

CANCERBERO Zerg - Winner!

Build Orders: Pool First, Swarm Host 

Get SALT Encoding   

  12  0:01  Drone  
  13  0:11  Drone  
  14  0:24  Extractor  
  14  0:25  Drone, Extractor  
  14  0:26  Drone  
  15  0:40  Spawning Pool  
  14  0:51  Overlord  
  14  1:10  Drone  
  15  1:27  Zergling x6  
  15  1:31  Queen  
  20  1:38  Metabolic Boost  
  20  1:42  Drone  
  21  1:50  Drone  
  22  2:07  Hatchery  
  21  2:15  Overlord  
  21  2:23  Spine Crawler  
  18  2:46  Zergling x10  
  18  2:47  Zergling x2  
  23  3:11  Drone x2  
  25  3:27  Spine Crawler  
  24  3:41  Drone x6  
  30  3:53  Spine Crawler  
  23  4:24  Extractor  
  22  4:33  Drone x4  
  22  4:34  Drone x2  
  22  4:35  Queen x2  
  32  4:41  Evolution Chamber  
  29  5:00  Evolution Chamber  
  29  5:02  Evolution Chamber  
  29  5:03  Drone x2  
  29  5:04  Drone x2  
  31  5:13  Lair  
  31  5:27  Extractor x2  
  31  5:29  Drone x5  
  36  5:42  Pneumatized Carapace  
  34  5:44  Drone x2  
  36  6:15  Overlord  
  36  6:16  Overlord  
  36  6:21  Infestation Pit  
  36  6:23  Queen  
  36  6:24  Nydus Network  
  36  6:58  Swarm Host x3  
  36  6:59  Swarm Host x2  
  51  7:02  Overlord x2  
  51  7:21  Overlord  
  51  7:31  Swarm Host x5  
  66  7:40  Spore Crawler  
  65  7:46  Spore Crawler x3  
  65  7:47  Spore Crawler  
  65  7:48  Drone x7  
  65  7:49  Spore Crawler  
  67  7:59  Nydus Canal  
  67  8:03  Overseer  
  67  8:44  Nydus Canal  
  67  8:45  Spine Crawler  
  67  8:47  Spine Crawler x2  
  64  8:50  Hydralisk Den  
Show
View Real Time Build Order
Export as new Build Order

SubN Zerg 

Build Orders: Pool First 

Get SALT Encoding   

  12  0:00  Drone  
  13  0:12  Overlord  
  13  0:17  Drone  
  14  0:30  Drone x2  
  14  0:35  Drone  
  17  0:38  Extractor  
  16  0:44  Drone  
  17  0:51  Spawning Pool  
  17  0:55  Drone  
  17  1:06  Drone  
  18  1:21  Hatchery  
  17  1:25  Drone  
  17  1:28  Drone  
  19  1:39  Queen  
  21  1:45  Metabolic Boost  
  21  1:53  Overlord  
  21  1:58  Zergling x2  
  22  2:12  Zergling x4  
  24  2:19  Pneumatized Carapace  
  24  2:30  Drone  
  24  2:32  Drone  
  22  2:52  Queen  
  22  2:53  Drone x6  
  30  3:00  Drone  
  31  3:10  Drone x2  
  33  3:14  Overlord  
  33  3:22  Drone  
  34  3:32  Queen  
  36  3:38  Evolution Chamber  
  36  3:40  Evolution Chamber  
  34  3:42  Roach Warren  
  34  3:43  Spine Crawler  
  34  3:46  Spine Crawler  
  31  3:55  Zergling x6  
  34  3:56  Zergling x4  
  36  4:03  Zergling x4  
  36  4:04  Zergling x2  
  36  4:07  Queen  
  31  4:21  Roach Warren  
  30  4:28  Drone x3  
  30  4:30  Drone  
  34  4:35  Drone  
  29  5:01  Drone x6  
  29  5:07  Lair  
  35  5:14  Zerg Missile Weapons Level 1  
  35  5:19  Drone  
  35  5:20  Drone x2  
  38  5:21  Drone  
  38  5:24  Drone  
  38  5:25  Extractor  
  38  5:26  Drone  
  38  5:28  Drone  
  41  5:43  Drone x3  
  41  5:48  Overlord  
  44  5:54  Overlord  
  44  5:55  Overlord  
  44  6:00  Zerg Ground Armor Level 1, Extractor  
  44  6:03  Drone  
  44  6:09  Drone x3  
  47  6:12  Drone x2  
  47  6:13  Drone x4  
  47  6:17  Extractor  
  52  6:28  Drone  
  52  6:29  Drone x4  
  57  6:50  Overlord  
  57  7:01  Glial Reconstitution  
  59  7:08  Hatchery, Roach  
  59  7:09  Roach x8  
  74  7:15  Drone x2  
  74  7:17  Overlord  
  74  7:19  Overlord  
  76  7:27  Overlord  
  76  7:36  Drone x4  
  80  7:41  Extractor  
  80  7:42  Drone x3  
  82  7:44  Drone x2  
  84  8:08  Drone x4  
  84  8:09  Drone x4  
  92  8:15  Drone  
  92  8:16  Extractor  
  87  8:33  Drone x7  
  75  8:37  Overlord  
  75  8:38  Overlord  
  72  9:08  Hatchery  
Tags
 
Add a new tag
Caveats
  • Supply blocks, unpowered buildings, or Contaminate may cause inaccurate times.
  • Supply counts are checked every 10 seconds.